 Dungeon Sprint DCSS version 0.31-a0-521-gc7390f8997 (webtiles) character file.

Game seed: 16222068583763575097

163 rocky1 the Changeling (level 5, -3/48 HPs)
             Began as a Troll Shapeshifter on Aug 11, 2023.
             Slain by a human
             ... wielding a +0 club
              (15 damage)
             ... in the Dungeon (Sprint III: "The Ten Rune Challenge").
             The game lasted 00:01:23 (300 turns).

rocky1 the Changeling (Troll Shapeshifter)           Turns: 300, Time: 00:01:23

Health: -3/48      AC:  5    Str: 23    XL:     5   Next: 20%
Magic:  4/4        EV: 10    Int:  6    God:
Gold:   21         SH:  0    Dex: 10    Spells: 4/4 levels left

rFire   . .          .
                       - Unarmed
rCold   . . .        (no shield)
rNeg    . . .        k - +1 robe
rPois   .            (helmet currently unavailable)
rElec   .            (cloak currently unavailable)
rCorr   .            (gloves unavailable)
SInv    .            (boots unavailable)
Will    .....        (no amulet)
Stlth   +            (no ring)
HPRegen 1.08/turn    (no ring)
MPRegen 0.09/turn

%: no teleportation
@: beast-form, hasted, very quick
A: beast (slay +4), large, unfitting armour, claws 3, regeneration 1, shaggy fur
1, tough skin 1
a: Begin Untransformation


You were in the Dungeon.
You were a hulking beast.
You visited 1 branch You collected 21 gold pieces.

Inventory:

Armour
 a - a +0 animal skin
 k - a +1 robe (worn)
Talismans
 c - a beast talisman (active)
 d - a flux talisman
Scrolls
 l - a scroll of torment {unknown}
 m - 3 scrolls of identify
 o - a scroll of poison {unknown}
Potions
 b - a potion of lignification
 e - a potion of curing
 h - 2 potions of magic
 n - a potion of might {unknown}
 p - a potion of enlightenment {unknown}
 q - 5 potions of mutation


   Skills:
 + Level 1.2 Fighting
 + Level 3.1 Dodging
 + Level 0.8 Stealth
 + Level 6.8 Unarmed Combat
 + Level 7.0 Shapeshifting


You had 4 spell levels left.
You didn't know any spells.
Your spell library was empty.

Dungeon Overview and Level Annotations

Branches:
Dungeon (1/1)

Altars:


Innate Abilities, Weirdness & Mutations

You are a hulking beast.
Your limbs bulge with bestial killing power. (Slay +4)
You are too large for most types of armour.
You have claws for hands.
Your natural rate of healing is unusually fast.
You are covered in fur. (AC +1)
You have tough skin. (AC +1)


Message History

The human attacks as you move away! The human hits you with a +0 club.
The human barely misses you.
You recover from your berserk rage.
The human attacks as you move away! The human hits you with a +0 club! x2
The human attacks as you move away! The human hits you with a +0 club!
* * * LOW HITPOINT WARNING * * *
The human rages.
The human closely misses you.
You feel much better. The human barely misses you.
You feel yourself speed up. The human hits you with a +0 club!
The human hits you with a +0 club.
You scratch the human.
The human is lightly wounded.
The human hits you but does no damage.
You scratch the human.
The human is lightly wounded.
The human closely misses you.
You scratch the human.
The human is moderately wounded.
The human hits you with a +0 club!
You barely miss the human.
The human is moderately wounded.
You claw the human! You claw the human.
The human is heavily wounded.
The human hits you with a +0 club!
* * * LOW HITPOINT WARNING * * *
You claw the human!
The human is severely wounded.
The human hits you with a +0 club.
* * * LOW HITPOINT WARNING * * *
Okay, then.
The human attacks as you move away! The human hits you with a +0 club.
* * * LOW HITPOINT WARNING * * *
There is an open door here.
There is an open door here.
Things that are here:
a +2 dagger of draining; the human skeleton of Jessica The human attacks as you move away!
The human barely misses you. The human attacks as you move away!
The human hits you with a +0 club!
You die...

▓▓▓▓▓▓▓▓▓▓▓▓▓ ▓▓▓
▓<.#..'...♣.♣ ♣.#
▓..#..#.....♣ ♣§#
▓#'####.....♣ ♣.#
▓.h...#....~♣ ♣.#
▓..p..#...~~♣♣ ♣.#
▓....)#..~~~~♣♣♣♣.'
▓####)#†.~≈≈~~~...#
▓(....#.~~≈~~~....#
▓.....#.~≈~~~.....#
▓.....#.~~~.......#
▓'#####...........#
▓...p.............#


You could see a human (berserk).

Vanquished Creatures
  A water elemental (D)
  A scorpion (D)
  Jessica (D)
  A human (D)
  An endoplasm (D)
  2 rats (D)
7 creatures vanquished.

Notes
Turn   | Place    | Note
-------+----------+-------------------------------------------
     0 | D        | rocky1 the Troll Shapeshifter began the quest for the Orb.
     0 | D        | Reached XP level 1. HP: 18/18 MP: 0/0
    11 | D        | Noticed Jessica
    17 | D        | Killed Jessica
    18 | D        | Reached skill level 1 in Fighting
    18 | D        | Reached skill level 4 in Shapeshifting
    18 | D        | Reached XP level 2. HP: 14/27 MP: 1/1
    19 | D        | Reached XP level 3. HP: 19/33 MP: 2/2
   148 | D        | Noticed a scorpion
   157 | D        | Killed a scorpion
   158 | D        | Reached skill level 5 in Unarmed Combat
   158 | D        | Reached skill level 5 in Shapeshifting
   158 | D        | Reached XP level 4. HP: 34/41 MP: 3/3
   181 | D        | Reached skill level 6 in Shapeshifting
   240 | D        | Noticed a water elemental
   248 | D        | Killed a water elemental
   249 | D        | Reached skill level 7 in Shapeshifting
   249 | D        | Reached XP level 5. HP: 37/48 MP: 4/4
   268 | D        | Noticed a human
   269 | D        | Noticed a human
   300 | D        | Slain by a human

Illustrated notes

Levels and vault maps discovered:
D:        dungeon_sprint_mu [sprint_mu_entry_forest, sprint_mu_temple_rooms,
          sprint_mu_d1_horrors, sprint_mu_d2_genie, sprint_mu_d3_branching,
          sprint_mu_orc_legion, sprint_mu_elf_gauntlet, sprint_mu_hive_nellie,
          sprint_mu_lair_fedhas, sprint_mu_vaults_butterflies,
          sprint_mu_slime_circle, sprint_mu_swamp_cave, sprint_mu_snake_twists,
          sprint_mu_blade_basic, sprint_mu_crypt_lich, sprint_mu_tomb_spiral,
          sprint_mu_vestibule_basic, sprint_mu_gehenna_hellfire,
          sprint_mu_dis_giant, sprint_mu_tartarus_statrot,
          sprint_mu_cocytus_islands, sprint_mu_zot1]

Skill      XL: |  1  2  3  4 |
---------------+-------------+-----
Fighting       | 1 |  1.2
Dodging        | 2 3 |  3.1
Unarmed Combat | 4 5 6 |  6.8
Shapeshifting  | 4 5 7 |  7.0
Stealth        | |  0.8

Action                     |  1- 3 |  4- 6 || total
---------------------------+-------+-------++-------
  Melee: Unarmed           |    13 |    18 ||    31
         Punch             |     2 |     1 ||     3
    Use: Potion            |       |     3 ||     3
         Scroll            |       |     1 ||     1
   Stab: Sleeping          |     1 |       ||     1
 Armour: Animal skin       |     1 |       ||     1
         Robe              |     2 |     2 ||     4
  Dodge: Dodged            |     4 |    10 ||    14

Table legend: (Time is in decaauts)
 A = Elapsed time spent in this place.
 B = Non-inter-level travel time spent in this place.
 C = Inter-level travel time spent in this place.
 D = Time resting spent in this place.
 E = Time spent auto-exploring this place.
 F = Levels seen in this place.
 G = Mean time per level.
                   A        B        C        D        E       F      G
               +--------+--------+--------+--------+--------+-----+--------+
         Total |    297 |    297 |      0 |    129 |      0 |   1 |  297.0 |
       Dungeon |    297 |    297 |      0 |    129 |      0 |   1 |  297.0 |
               +--------+--------+--------+--------+--------+-----+--------+

Top non-repeatable levels by time:
       D: 297 daAuts
